 Dungeon Crawl Stone Soup version 0.22-a0-305-gd21a89c (webtiles) character file.

50 Borgoz the Skirmisher (level 3, -4/32 (33) HPs)
             Began as a Ghoul Abyssal Knight on Mar 31, 2018.
             Was a Believer of Lugonu.
             Killed from afar by an orc wizard (6 damage)
             ... with a puff of flame
             ... on level 2 of the Dungeon.
             The game lasted 00:03:41 (1999 turns).

Borgoz the Skirmisher (Ghoul Abyssal Knight)        Turns: 1999, Time: 00:03:42

HP:   -4/32 (33)    AC:  8    Str: 13 (15) XL:     3   Next: 79%
MP:   3/3           EV:  6    Int:  5 (7)  God:    Lugonu [**....]
Gold: 53            SH:  0    Dex:  7 (9)  Spells: 2/2 levels left

rFire    . . .     SeeInvis +     - Unarmed
rCold    + . .     Gourm    .   (no shield)
rNeg     + + +     Faith    .   k - +0 chain mail
rPois    ∞         Spirit   .   (no helmet)
rElec    .         Reflect  .   (no cloak)
rCorr    .         Harm     .   (no gloves)
MR       .....                  (no boots)
Stlth    ..........             (no amulet)
HPRegen  0.00/turn              e - ring of loudness (curse)
MPRegen  0.08/turn              i - ring of see invisible

@: rotting
A: rotting body, claws 1, carnivore, cold resistance 1, negative energy
resistance 3, inhibited regeneration, torment resistance, unbreathing
a: Depart the Abyss, Bend Space, Renounce Religion


You were on level 2 of the Dungeon.
You worshipped Lugonu.
Lugonu was pleased with you.
You were not hungry.

You visited 1 branch of the dungeon, and saw 3 of its levels.
You visited the Abyss 1 time.

You collected 53 gold pieces.

Inventory:

Armour
 a - a +0 leather armour
 k - a +0 chain mail (worn)
Jewellery
 e - a cursed ring of loudness (left claw)
 i - a ring of see invisible (right claw)
Scrolls
 c - 2 scrolls of teleportation {unknown}
 d - 2 scrolls of enchant armour {unknown}
 f - 2 scrolls of identify {unknown}
 h - 2 scrolls of remove curse {unknown}
Comestibles
 b - 5 rations
 j - 4 chunks of flesh


   Skills:
 + Level 3.7 Fighting
 + Level 2.2 Armour
 + Level 1.5 Dodging
 + Level 2.7 Unarmed Combat
 + Level 2.5 Invocations


You had 2 spell levels left.
You didn't know any spells.

Dungeon Overview and Level Annotations

Branches:
Dungeon (3/15)

Altars:

Annotations:
D:2 Sigmund


Innate Abilities, Weirdness & Mutations

Your body is rotting away.
You thrive on raw meat.
You are immune to poison.
You have sharp fingernails.
You are carnivorous and can eat meat at any time.
Your flesh is cold resistant. (rC+)
You are immune to negative energy. (rN+++)
You do not regenerate when monsters are visible.
You are immune to unholy pain and torment.
You can survive without breathing.


Message History

The magic dart hits you!
* * * LOW HITPOINT WARNING * * *
You barely miss the orc wizard.
The orc wizard is almost dead.
The orc wizard casts a spell at you. The magic dart hits you!
* * * LOW HITPOINT WARNING * * *
The kobold hits you but does no damage.
Some of the chunks of flesh in your inventory have rotted away.
You barely miss the orc wizard.
The orc wizard is almost dead.
You feel your flesh rotting away.
The orc wizard looks encouraged for a moment.
You miss the orc wizard.
The orc wizard is almost dead.
The orc wizard hits you but does no damage.
The kobold closely misses you. The orc wizard casts a spell at you.
The puff of flame hits you!
You die...

.# ### .# #>. .#
#.# .# #.# .#
### #.# .# #..
####.###.#
#####.#
#...ro@K.#
)...#.#
#.##.#####
###.#.# #.##.#
#.#.#####.##.#
###.#.......##.#
...............#
......##########
###.#.# .##.#.#


You could see an orc wizard, a kobold and a rat.

Vanquished Creatures
  A worm (D:3)
  A leopard gecko (D:1)
  2 orcs (D:2)
  3 giant cockroaches (D:1)
  6 hobgoblins
  3 jackals (D:1)
  6 bats (D:1)
  A frilled lizard (D:1)
  7 goblins
  7 kobolds
  5 rats
42 creatures vanquished.

Notes
Turn   | Place    | Note
-------+----------+-------------------------------------------
     0 | Abyss:1  | Borgoz the Ghoul Abyssal Knight began the quest for the Orb.
     0 | Abyss:1  | Reached XP level 1. HP: 19/19 MP: 1/1
    44 | Abyss:2  | Noticed a starcursed mass
    46 | D:1      | Escaped the Abyss
   105 | D:1      | Reached skill level 1 in Dodging
   199 | D:1      | Reached XP level 2. HP: 14/26 MP: 2/2
   362 | D:1      | Reached * piety under Lugonu
   721 | D:1      | Reached XP level 3. HP: 27/31 MP: 3/3
  1274 | D:2      | Noticed Sigmund
  1846 | D:2      | Reached ** piety under Lugonu
  1999 | D:2      | Killed from afar by an orc wizard

Vault maps used:
D:1:      nzn_arrival_settlement, wad_woods_river_04
D:2:      kennysheep_generic_room_15, uniq_sigmund
D:3:      nicolae_ru_awakened_eye, lemuel_crystal_altar, first_ration

Skill      XL: |  1  2 |
---------------+-------+-----
Dodging        | 1 |  1.5
Armour         | 2 |  2.2
Fighting       | |  3.7
Unarmed Combat | |  2.7
Invocations    | |  2.5

Action                   || total
-------------------------++-------
Melee: Unarmed           ||   174
       Punch             ||     2
Invok: Depart the Abyss  ||     1
  Use: Potion            ||     3
  Eat: Chunk             ||     5
Armor: Leather armour    ||    42
       Chain mail        ||    35
Dodge: Dodged            ||    93

Table legend:
 A = Spawn XP
 B = Non-spawn XP
 C = Spawn XP percentage of total XP
 D = Spawn monster count
 E = Non-spawn monster count
 F = Spawn count percentage of total count
 G = Total turns spent on level
                    A         B        C        D         E        F      G
               +---------+---------+-------+---------+---------+-------+---------
         Total |       0 |      72 |   0.0 |       0 |      42 |   0.0 |  1999
               +---------+---------+-------+---------+---------+-------+---------
           D:1 |       0 |      52 |   0.0 |       0 |      33 |   0.0 |  1355
           D:2 |       0 |      15 |   0.0 |       0 |       8 |   0.0 |   577
           D:3 |       0 |       5 |   0.0 |       0 |       1 |   0.0 |    21
               +---------+---------+-------+---------+---------+-------+---------
